 Dungeon Crawl Stone Soup version 0.28-a0-1038-g9c4cb8273d (webtiles) character file.

Game seed: 1451121446998374410

3267 mcbry74 the Destroyer (level 9, -2/45 HPs)
             Began as a Deep Elf Conjurer on Dec 8, 2021.
             Was a Follower of Vehumet.
             Shot with a sling bullet by Joseph (18 damage)
             ... on level 7 of the Dungeon.
             The game lasted 00:55:09 (11184 turns).

mcbry74 the Destroyer (Deep Elf Conjurer)          Turns: 11184, Time: 00:55:10

Health: -2/45      AC:  8    Str:  4    XL:     9   Next: 68%
Magic:  14/24      EV: 12    Int: 28    God:    Vehumet [*.....]
Gold:   327        SH:  0    Dex: 13    Spells: 15/26 levels left

rFire   + + .      SeeInvis .   G - +0 dagger (vamp)
rCold   . . .      Faith    .   (no shield)
rNeg    . . .      Spirit   .   y - +2 robe {rF+}
rPois   .          Reflect  .   t - +0 helmet
rElec   .          Harm     .   m - +0 cloak
rCorr   .          Rampage  .   (no gloves)
Will    .....                   h - +1 pair of boots
Stlth   ++........              (no amulet)
HPRegen 0.15/turn               C - ring of protection from fire
MPRegen 0.19/turn               B - ring of wizardry

@: no status effects
A: no striking features
a: Renounce Religion


You were on level 7 of the Dungeon.
You worshipped Vehumet.
Vehumet was aware of your devotion.
You visited 2 branches of the dungeon, and saw 8 of its levels.
You also visited: Ossuary.

You collected 327 gold pieces.

Inventory:

Hand Weapons
 g - a +0 dagger of draining
 s - the +2 dagger of the Key {drain, rF+ rCorr Str+6 Int-4}
   (You found it on level 4 of the Dungeon)

   A truly terrible weapon, it drains the life of any living foe it strikes.
   Str:       It affects your strength (+6).
   Int:       It affects your intelligence (-4).
   rF:        It protects you from fire.
   rCorr:     It protects you from acid and corrosion.
 F - a +1 long sword of flaming
 G - a +0 vampiric dagger (weapon)
 I - a +0 vampiric falchion
 K - a +2 whip of draining
Missiles
 b - 224 stones (quivered)
 k - 107 sling bullets
 q - 2 throwing nets
 x - 9 boomerangs
 J - 6 poisoned darts
Armour
 a - a +0 robe
 h - a +1 pair of boots (worn)
 m - a +0 cloak (worn)
 o - a +1 ring mail of fire resistance
 t - a +0 helmet (worn)
 y - a +2 robe of fire resistance (worn)
Magical Staves
 i - a staff of cold
Jewellery
 p - a ring of flight
 B - a ring of wizardry (right hand)
 C - a ring of protection from fire (left hand)
Wands
 f - a wand of digging (6)
 j - a wand of charming (11)
 w - a wand of flame (59)
 E - a wand of acid (9)
 P - a wand of iceblast (4)
Scrolls
 c - 3 scrolls of noise
 u - a scroll of vulnerability
 z - a scroll of enchant weapon {unknown}
 A - 3 scrolls of teleportation
 M - 4 scrolls of identify
Potions
 d - 6 potions of curing
 e - 3 potions of flight {unknown}
 l - 3 potions of might
 n - a potion of haste {unknown}
 r - 4 potions of mutation {unknown}
 v - a potion of cancellation {unknown}
 D - 4 potions of attraction
 H - a potion of lignification {unknown}
 L - 2 potions of resistance {unknown}
 N - 2 potions of heal wounds {unknown}
 O - a potion of ambrosia {unknown}


   Skills:
 - Level 2.4 Dodging
 - Level 2.4 Stealth
 + Level 9.3 Spellcasting
 + Level 9.5 Conjurations
 + Level 8.7 Hexes
 + Level 3.5 Earth Magic
 + Level 5.3 Evocations


You had 15 spell levels left.
You knew the following spells:

 Your Spells              Type           Power      Damage    Failure   Level
a - Magic Dart            Conj           100%       1d8       1%          1
b - Searing Ray           Conj           100%       2d8       1%          2
c - Dazzling Flash        Conj/Hex       100%       N/A       1%          3
d - Fulminant Prism       Conj/Hex       29%        3d14      1%          4
e - Sandblast             Erth           66%        2d15      1%          1

Your spell library contained the following spells:

 Spells                   Type           Power      Damage    Failure   Level
 Portal Projectile        Hex/Tloc       74%        N/A       1%          3
 Leda's Liquefaction      Hex/Erth       23%        N/A       1%          4
 Iskenderun's Mystic Bla  Conj/Tloc      39%        2d9       2%          4
 Call Canine Familiar     Summ           13%        N/A       5%          3
 Summon Lightning Spire   Summ/Air       13%        N/A       17%         4
 Storm Form               Tmut/Air       6%         N/A       100%        7
 Maxwell's Capacitive Co  Air            6%         ∞         100%        8


Dungeon Overview and Level Annotations

Branches:
Dungeon (7/15)             Temple (1/1) D:6         Ossuary (visited)

Altars:
Ashenzari
Cheibriados
Dithmenos
Elyvilon
Fedhas
Gozag
Hepliaklqana
Kikubaaqudgha
Makhleb
Nemelex Xobeh
Okawaru
Qazlal
Sif Muna
Trog
Uskayaw
Vehumet
Wu Jian
The Shining One

Annotations:
D:3 2 transporters, EtherCrawl's ghost, amateur KoCK
D:7 Joseph


Message History

a +0 short sword; a +0 shortbow; 14 arrows
There is a stone staircase leading up here.
Casting: Magic Dart (safe; 1% risk of failure)
Confirm with . or Enter, or press ? or * to list all spells.
Aiming: Fulminant Prism (safe; 1% risk of failure)
Press: ? - help, Dir - move target You conjure a prism of explosive energy!
A fulminant prism comes into view.
You hear a loud crackle.
You hear an explosion!
There is a stone staircase leading up here.
Casting: Fulminant Prism (safe; 1% risk of failure)
Confirm with . or Enter, or press ? or * to list all spells.
Aiming: Searing Ray (safe; 1% risk of failure)
Press: ? - help, Shift-Dir - straight line, f - Joseph
Aim: Joseph, wielding a +0 hunting sling, wearing a +0 leather armour and quivering sling bullets (83% to hit)
The searing ray hits Joseph!
Joseph is lightly wounded. (Press . to maintain the ray.) Joseph shoots a sling bullet.
The sling bullet barely misses you.
The searing ray hits Joseph.
Joseph is moderately wounded.
Joseph shoots a sling bullet.
The sling bullet misses you.
The searing ray hits Joseph!
Joseph is heavily wounded.
Joseph shoots a sling bullet.
The sling bullet hits you!
The searing ray hits Joseph!
Joseph is severely wounded.
You finish channelling your searing ray.
Joseph shoots a sling bullet.
The sling bullet barely misses you.
Casting: Searing Ray (safe; 1% risk of failure)
Confirm with . or Enter, or press ? or * to list all spells.
Aiming: Searing Ray (safe; 1% risk of failure)
Press: ? - help, Shift-Dir - straight line, f/p - Joseph
Aim: Joseph, wielding a +0 hunting sling, wearing a +0 leather armour and quivering sling bullets (severely wounded, 83% to hit)
The searing ray hits Joseph!
Joseph is severely wounded. (Press . to maintain the ray.) Joseph shoots a sling bullet.
The sling bullet hits you!!
You die...

....# #........#.##. ....#
#........#.##. ....#
#############........#.##. #.###
#....#.................... #.##
#.##......)...>........... #..##
#..####.##.@...........#'#
##..#####..#...##[#...........#.#
##...# ##.#.####÷#.........###.#
###.####.#.###@.#.........'....
#...##...##.)##.........###.#
#......####........@......#.#
#..##.#..# #..###..........#+#
#...###.##...#### #.............
#.## #.. .#.# #............. #.
#..≈≈≈≈≈≈ ≈≈##............ .
#.≈≈#######≈≈............. #
#≈≈## ≈ #≈≈............


You could see Joseph.

Vanquished Creatures
  Grinder (D:5)
  A wraith (D:6)
  Eustachio (D:5)
  2 water moccasins
  An orc warrior (D:6)
  A black bear (D:4)
  A necrophage (D:4)
  A hornet zombie (D:6)
  An ogre (D:7)
  2 centaurs
  5 phantoms
  A bullfrog (D:6)
  A kobold brigand (D:6)
  7 scorpions (Ossuary)
  A wyvern zombie (D:7)
  A howler monkey (D:6)
  2 electric eels (D:7)
  3 centaur zombies (Ossuary)
  3 orc priests
  A hound (D:5)
  3 human zombies (Ossuary)
  2 jellies
  2 bullfrog skeletons
  6 iguanas
  2 scorpion zombies (Ossuary)
  An orc wizard (D:5)
  3 mummies (Ossuary)
  A howler monkey skeleton (D:7)
  6 adders
  A shadow imp (D:5)
  A white imp (D:6)
  An ufetubus (D:6)
  5 dart slugs
  24 orcs
  12 endoplasms
  5 giant cockroaches
  5 gnoll zombies (Ossuary)
  6 goblins
  6 hobgoblins
  3 jackals (D:1)
  2 quokkas
  2 ball pythons
  8 bats
  3 frilled lizards (D:3)
  4 goblin zombies (Ossuary)
  2 hobgoblin zombies (Ossuary)
  9 kobolds
  3 kobold zombies (Ossuary)
  3 orc zombies (Ossuary)
  7 rats
175 creatures vanquished.

Vanquished Creatures (others)
  17 fulminant prisms
17 creatures vanquished.

Grand Total: 192 creatures vanquished

Notes
Turn   | Place    | Note
-------+----------+-------------------------------------------
     0 | D:1      | mcbry74 the Deep Elf Conjurer began the quest for the Orb.
     0 | D:1      | Reached XP level 1. HP: 10/10 MP: 6/6
   234 | D:1      | Reached XP level 2. HP: 15/15 MP: 6/8
   261 | D:1      | Reached skill level 5 in Conjurations
   440 | D:1      | Learned a level 2 spell: Searing Ray
   762 | D:1      | Reached XP level 3. HP: 19/19 MP: 7/9
  1263 | D:2      | Found a faded altar of an unknown god.
  2108 | D:2      | Learned a level 3 spell: Dazzling Flash
  2424 | D:3      | Reached XP level 4. HP: 24/24 MP: 6/10
  2605 | D:3      | Reached skill level 1 in Hexes
  3732 | D:3      | Noticed an ogre
  3734 | D:3      | Found a transporter.
  3735 | D:3      | Noticed EtherCrawl's ghost (amateur KoCK)
  3735 | D:3      | Noticed an ogre
  3740 | D:3      | Found a transporter.
  3924 | D:4      | Reached XP level 5. HP: 28/28 MP: 6/12
  4203 | D:4      | Identified the +2 dagger of the Key {drain, rF+ rCorr Str+6
                  | Int-4}
  4501 | D:4      | Noticed a necrophage
  4509 | D:4      | Killed a necrophage
  4510 | D:4      | Reached XP level 6. HP: 32/32 MP: 7/15
  4783 | D:4      | Reached skill level 5 in Spellcasting
  4840 | D:4      | Learned a level 4 spell: Fulminant Prism
  5100 | D:4      | Found a hazy altar of Hepliaklqana.
  5209 | D:5      | Entered Level 5 of the Dungeon
  5430 | D:5      | Reached XP level 7. HP: 36/36 MP: 8/17
  5503 | D:5      | Noticed Eustachio
  5522 | D:5      | Killed Eustachio
  5523 | D:5      | Reached skill level 5 in Hexes
  5663 | D:5      | You fall into a shaft and drop 1 floor!
  5663 | D:6      | Found a sparkling altar of Nemelex Xobeh.
  5776 | D:6      | Found an ornate altar of the Wu Jian Council.
  5788 | D:6      | Found a staircase to the Ecumenical Temple.
  5859 | Temple   | Entered the Ecumenical Temple
  5986 | Temple   | Became a worshipper of Vehumet
  6025 | D:6      | Reached skill level 1 in Evocations
  6189 | D:6      | Reached XP level 8. HP: 25/41 MP: 12/20
  7816 | D:5      | Reached * piety under Vehumet
  7816 | D:5      | Offered knowledge of Sandblast by Vehumet.
  7819 | D:5      | Learned a level 1 spell: Sandblast
  8050 | D:5      | Noticed Grinder
  8061 | D:5      | Paralysed by Grinder for 4 turns
  8067 | D:5      | Killed Grinder
  8068 | D:5      | Reached skill level 1 in Earth Magic
  8455 | D:5      | Found a faded altar of an unknown god.
  8455 | D:5      | Found a faded altar of an unknown god.
  8463 | D:5      | Found a stormy altar of Qazlal.
  8465 | D:5      | Found an ancient bone altar of Kikubaaqudgha.
  8467 | D:5      | Found an opulent altar of Gozag.
  8922 | D:6      | Reached XP level 9. HP: 45/45 MP: 18/23
  9529 | D:7      | Found a sand-covered staircase.
  9542 | Ossuary  | Entered an ossuary
 10205 | Ossuary  | Reached skill level 5 in Evocations
 11037 | D:7      | Found a shimmering blue altar of Sif Muna.
 11156 | D:7      | Noticed Joseph
 11184 | D:7      | Shot with a sling bullet by Joseph

Illustrated notes

Levels and vault maps discovered:
D:1:      minmay_arrival_shattered_statue, layout_rooms, serial_rivers,
          chequers_serial_rivers_small_3, chequers_serial_rivers_marsh,
          chequers_serial_rivers_micro_c, chequers_serial_rivers_micro_b,
          chequers_serial_rivers_micro_e, grunt_decor_fettered
D:2:      layout_loops_corners, shapermc_ecumenical_altar_mp_highgroup
D:3:      minmay_recursive_quarters, layout_basic, gammafunk_ghost_smash
D:4:      layout_loops_cross, overflow_temple_1_default
D:5:      layout_basic, chequers_temple_overflow_minitemple,
          serial_bayou_pond_c, uniq_grinder, uniq_eustachio
D:6:      kb_forest_paths, layout_basic, nzn_wu_jian_contemplation,
          mainiacjoe_overflow_alcove_4, minmay_temple_entry_slanted,
          minmay_door_square
D:7:      layout_rooms, old_standard_altar, mainiacjoe_overflow_alcove_2,
          nicolae_ossuary_entry_plus, water_maze_lemuel, uniq_joseph,
          uniq_crazy_yiuf_cottage
Temple:   jpeg_temple_clearing

Skill      XL: |  1  2  3  4  5  6  7  8  9 |
---------------+----------------------------+-----
Conjurations   | 5 6 7 8 9 |  9.5
Hexes          | 2 3 4 6 7 8 |  8.7
Spellcasting   | 4 5 6 8 9 |  9.3
Evocations     | 1 4 5 |  5.3
Earth Magic    | 1 3 |  3.5
Dodging        | |  2.4
Stealth        | |  2.4

Action                   |  1- 3 |  4- 6 |  7- 9 || total
-------------------------+-------+-------+-------++-------
Melee: Dagger            |       |    24 |     4 ||    28
 Cast: Magic Dart        |    90 |    85 |    81 ||   256
       Searing Ray       |       |    15 |    60 ||    75
       Fulminant Prism   |       |       |    17 ||    17
       Dazzling Flash    |       |       |     1 ||     1
       Sandblast         |       |       |    16 ||    16
Evoke: Wand              |       |       |     1 ||     1
  Use: Scroll            |       |       |    14 ||    14
Armor: Robe              |       |    16 |    44 ||    60
Dodge: Dodged            |    10 |    33 |    75 ||   118

Table legend: (Time is in decaauts)
 A = Elapsed time spent in this place.
 B = Non-inter-level travel time spent in this place.
 C = Inter-level travel time spent in this place.
 D = Time resting spent in this place.
 E = Time spent auto-exploring this place.
 F = Levels seen in this place.
 G = Mean time per level.
                   A        B        C        D        E       F      G
               +--------+--------+--------+--------+--------+-----+--------+
         Total |  11200 |  11005 |    195 |   4254 |   4749 |   9 | 1244.4 |
       Dungeon |  10011 |   9826 |    185 |   3605 |   4584 |   7 | 1430.1 |
        Temple |    138 |    128 |     10 |      0 |     83 |   1 |  138.0 |
       Ossuary |   1050 |   1050 |      0 |    649 |     82 |   1 | 1050.0 |
               +--------+--------+--------+--------+--------+-----+--------+

Top non-repeatable levels by time:
     D:5: 1920 daAuts
     D:6: 1791 daAuts
     D:3: 1713 daAuts
     D:4: 1586 daAuts
     D:1: 1243 daAuts
 Ossuary: 1050 daAuts
     D:2: 974 daAuts
     D:7: 780 daAuts
  Temple: 138 daAuts
